 Dungeon Crawl Stone Soup version 0.23.2-1-ga50397a (webtiles) character file.

Game seed: 4374373260064499310

249 GEC the Cudgeler (level 6, -1/94 HPs)
             Began as an Ogre Gladiator on May 18, 2019.
             Succumbed to a scorpion's poison
             ... on level 3 of the Dungeon.
             The game lasted 00:10:23 (3985 turns).

GEC the Cudgeler (Ogre Gladiator)                   Turns: 3985, Time: 00:10:24

Health: -1/94      AC: 23    Str: 26    XL:     6   Next: 12%
Magic:  6/6        EV:  1    Int:  9    God:
Gold:   94         SH:  0    Dex: 10    Spells: 5/5 levels left

rFire    . . .     SeeInvis .   r - +2 flail (crush)
rCold    . . .     Gourm    .   (no shield)
rNeg     + + +     Faith    .   (armour currently unavailable)
rPois    +         Spirit   .   (helmet currently unavailable)
rElec    .         Reflect  .   (cloak currently unavailable)
rCorr    .         Harm     .   (gloves unavailable)
MR       .....     NoTele   +   (boots unavailable)
Stlth    +.........             (no amulet)
HPRegen  0.25/turn              (no ring)
MPRegen  0.10/turn              m - ring of positive energy

@: mighty, lethally poisoned (-1 -> -17), tree-form, very slightly contaminated,
studying Maces & Flails, invisible
A: large, unfitting armour
a: no special abilities


You were on level 3 of the Dungeon.
You were very hungry.
You were a tree.
You visited 1 branch of the dungeon, and saw 4 of its levels.

You collected 94 gold pieces.

Inventory:

Hand Weapons
 r - a +2 flail of crushing (weapon)
Missiles
 d - 3 throwing nets (quivered)
 n - 2 javelins
Armour
 a - a +1 hat (melded)
 b - a +0 robe (melded)
Jewellery
 m - a ring of positive energy (right branch)
Scrolls
 e - 2 scrolls of remove curse
 h - a scroll of magic mapping {unknown}
 i - a scroll of fear {unknown}
 k - 4 scrolls of teleportation {unknown}
 o - 2 scrolls of noise {unknown}
 p - 2 scrolls of identify {unknown}
Potions
 l - a potion of invisibility
Books
 c - a manual of Maces & Flails
Comestibles
 f - 13 rations


   Skills:
 + Level 4.6 Fighting
 * Level 4.9 Maces & Flails
 - Level 2.0 Throwing
 + Level 3.8 Dodging


You had 5 spell levels left.
You didn't know any spells.
Your spell library was empty.

Dungeon Overview and Level Annotations

Branches:
Dungeon (4/15)
 Temple: D:4-7

Altars:


Innate Abilities, Weirdness & Mutations

You are too large for most types of armour.
((You have tough skin. (AC +1)))


Message History

Your roots penetrate the ground.
* * * LOW HITPOINT WARNING * * *
You feel sick.
The scorpion stings you but does no damage.
The orc priest hits you.
* * * LOW HITPOINT WARNING * * *
You hit the orc priest.
You kill the orc priest!
You have reached level 6!
Your experience leads to an increase in your attributes!
Your base attributes are Str 19, Int 9, Dex 10.
Increase (S)trength, (I)ntelligence, or (D)exterity?
You feel stronger. x2
* * * LOW HITPOINT WARNING * * *
You feel sick.
The scorpion stings you but does no damage.
The scorpion stings you.
* * * LOW HITPOINT WARNING * * *
You closely miss the scorpion.
You die...

#....####.########
#.#....##........####
#....#.##..###......#
##.#.#.##.†# #.#.##.#
#.#...)...###.#.##.#
####.###......##.#.##.#
#.......####.###.#.##.#
#.##.##.###### #......#
##.....#.♣s..# ###.####
##..###.#.†...# #.#
#.<.# #.....>.# #.#
#...###.......# #.#
#......[......# #.##
#.........#.### #..#
#..........#.# ##.#
#.........#.## #.#
######..<......### #.#


You could see a scorpion.

Vanquished Creatures
  An orc priest (D:3)
  Jessica (D:2)
  Terence (D:3)
  A hound skeleton (D:4)
  A worker ant zombie (D:4)
  4 adders
  3 oozes
  4 worms (D:2)
  3 dart slugs
  4 leopard geckos
  3 orcs
  A ball python (D:3)
  9 bats
  2 giant cockroaches
  5 goblins
  7 hobgoblins
  7 jackals (D:1)
  2 quokkas
  5 frilled lizards
  8 kobolds
  5 rats
77 creatures vanquished.

Notes
Turn   | Place    | Note
-------+----------+-------------------------------------------
     0 | D:1      | GEC the Ogre Gladiator began the quest for the Orb.
     0 | D:1      | Reached XP level 1. HP: 22/22 MP: 1/1
    90 | D:1      | Reached XP level 2. HP: 14/29 MP: 2/2
   839 | D:1      | Reached XP level 3. HP: 17/37 MP: 3/3
  2283 | D:2      | Reached XP level 4. HP: 45/45 MP: 4/4
  2969 | D:2      | Noticed Jessica
  2985 | D:2      | Killed Jessica
  2985 | D:2      | Reached XP level 5. HP: 45/54 MP: 5/5
  3201 | D:3      | Noticed Terence
  3212 | D:3      | Killed Terence
  3897 | D:4      | Noticed a phantom
  3984 | D:3      | Reached XP level 6. HP: 8/63 MP: 6/6
  3984 | D:3      | HP: 1/94 [scorpion (5)]
  3985 | D:3      | Succumbed to a scorpion's poison

Skill      XL: |  1  2  3  4 |
---------------+-------------+-----
Maces & Flails | 3 4 |  4.9
Fighting       | 3 4 |  4.6
Dodging        | 3 |  3.8
Throwing       | |  2.0

Action                   |  1- 3 |  4- 6 || total
-------------------------+-------+-------++-------
Melee: Flail             |   138 |   133 ||   271
  Use: Scroll            |     2 |       ||     2
       Potion            |       |     3 ||     3
  Eat: Chunk             |     4 |     5 ||     9
Armor: Robe              |    60 |    55 ||   115
       Skin              |       |     2 ||     2
Dodge: Dodged            |    90 |   101 ||   191
